 Dungeon Crawl Stone Soup version 0.22.1-5-g62c59d919a (webtiles) character file.

17668 Riddle the Bludgeoner (level 12, -18/142 HPs)
             Began as a Formicid Fighter on Jan 15, 2019.
             Was a Priest of Ru.
             Killed from afar by a frost giant (24 damage)
             ... with a bolt of cold
             ... in an ice cave.
             The game lasted 00:41:40 (18204 turns).

Riddle the Bludgeoner (Formicid Fighter)           Turns: 18204, Time: 00:41:40

Health: -18/142    AC: 26    Str: 28 (30) XL:     12   Next: 85%
Magic:  12/12      EV:  2    Int:  8 (9)  God:    Ru [***...]
Gold:   633        SH: 12    Dex:  8 (10) Spells: 11/11 levels left

rFire    . . .     SeeInvis .   K - +1 morningstar
rCold    + . .     Gourm    .   c - +0 shield
rNeg     + + +     Faith    .   (armour currently unavailable)
rPois    +         Spirit   .   (helmet unavailable)
rElec    .         Reflect  .   (cloak currently unavailable)
rCorr    .         Harm     .   (gloves currently unavailable)
MR       +....                  (boots currently unavailable)
Stlth    +.........             (no amulet)
HPRegen  0.33/turn              b - ring of protection from cold
MPRegen  0.13/turn              (no ring)

@: mighty, tree-form
A: permanent stasis, dig shafts and tunnels, four strong arms, no potion heal 1,
hated by all, no necromancy magic, no poison magic, no translocations magic
a: Draw Out Power, Renounce Religion


You were in an ice cave.
You worshipped Ru.
Ru was most pleased with you.
You were hungry.
You were a tree.
You visited 2 branches of the dungeon, and saw 13 of its levels.
You also visited: Ice Cave.

You collected 633 gold pieces.

Inventory:

Hand Weapons
 h - a +1 longbow of freezing
 K - a +1 morningstar (weapon)
Armour
 c - a +0 shield (worn)
 u - a +0 pair of boots (melded)
 x - a +0 chain mail (melded)
 E - a +1 pair of gloves (melded)
Jewellery
 b - a ring of protection from cold (left branch)
Wands
 a - a wand of flame (26)
 s - a wand of acid (8)
 t - a wand of polymorph (21)
 v - a wand of disintegration (18)
 D - a wand of iceblast (6)
 G - a wand of paralysis (13)
Scrolls
 e - 7 scrolls of identify
 i - 3 scrolls of enchant armour
 j - a scroll of immolation
 k - 5 scrolls of teleportation
 l - a scroll of fog
 m - 2 scrolls of blinking
 p - 2 scrolls of amnesia
 q - 3 scrolls of remove curse
 I - a scroll of random uselessness
 J - a scroll of magic mapping
Potions
 d - 2 potions of might
 g - 5 potions of curing
 o - a potion of haste
 r - 3 potions of degeneration
 z - 2 potions of heal wounds {unknown}
 A - 2 potions of cancellation {unknown}
 B - a potion of mutation {unknown}
 C - a potion of ambrosia {unknown}
Comestibles
 f - 26 rations


   Skills:
 - Level 9.0 Fighting
 + Level 15.1 Maces & Flails
 - Level 9.0 Armour
 - Level 9.0 Shields


You had 11 spell levels left.
You didn't know any spells.
Your spell library contained the following spells:

 Spells                   Type           Power        Failure   Level  Hunger
 Infusion                 Chrm           #...         41%         1    ##.....
 Magic Dart               Conj           #...         41%         1    ##.....
 Searing Ray              Conj           #.....       54%         2    ###....
 Song of Slaying          Chrm           #.......     54%         2    ###....
 Dazzling Spray           Conj/Hex       #.....       78%         3    ####...
 Spectral Weapon          Hex/Chrm       #.......     78%         3    ####...
 Fulminant Prism          Conj/Hex       #.........   99%         4    #####..
 Iskenderun's Mystic Bla  Conj           #.......     99%         4    #####..
 Shroud of Golubria       Chrm/Tloc      Unusable     N/A         2    N/A
 Regeneration             Chrm/Necr      Unusable     N/A         3    N/A
 Force Lance              Conj/Tloc      Unusable     N/A         4    N/A

Dungeon Overview and Level Annotations

Branches:
Dungeon (12/15)            Temple (1/1) D:4
   Lair: D:8-11         Orc: D:9-12

Altars:
Ashenzari
Cheibriados
Dithmenos
Elyvilon
Fedhas
Gozag
Hepliaklqana
Kikubaaqudgha
Makhleb
Nemelex Xobeh
Okawaru
Qazlal
Ru
Sif Muna
Trog
Uskayaw
Vehumet
Wu Jian
Xom
Yredelemnul
Zin
The Shining One

Shops:
D:4 =

Annotations:
D:3 Grinder
D:8 5 runed doors


Innate Abilities, Weirdness & Mutations

You cannot be hasted, slowed, berserked, paralysed or teleported.
You can dig through walls and to a lower floor.
Your four strong arms can wield two-handed weapons with a shield.
((You have a pair of large antennae on your head. (SInv)))
Potions are less effective at restoring your health.
You are hated by all.
You cannot study or cast Necromancy magic.
You cannot study or cast Poison magic.
You cannot study or cast Translocations magic.


Message History

Your +1 pair of gloves melds into your body.
Your +0 pair of boots melds into your body.
Your +0 chain mail melds into your body.
Your roots penetrate the ground.
You block the frost giant's attack.
It was a potion of degeneration.
There was something very wrong with that liquid.
You feel weakened.
You feel dopey.
You feel clumsy.
It was a potion of curing.
Your system partially rejects the healing.
You feel better.
The frost giant gestures at you while chanting.
The bolt of cold hits you! You resist.
* * * LOW HITPOINT WARNING * * *
You hear a bellow!
You hear an angry growl.
It was a potion of haste.
Your stasis prevents you from being hasted.
You hear an angry growl.
The frost giant gestures at you while chanting.
The bolt of cold hits you! You resist.
You die...

≈#≈≈##§##..#
≈≈≈ #§###.#
##§#.##
#....#
##.#.#
###.##
##{####
##{##C##
#.{#.#♣#
#{#{####
#.### ##.#
#.# ..# ..##


h{{ {YY# You could see a frost giant.

Vanquished Creatures
  Gastronok (D:8)
  2 death yaks (IceCv)
  An unseen horror (D:10)
  An ugly thing (D:10)
  An ice statue (IceCv)
  2 rime drakes (IceCv)
  2 trolls
  A hornet (D:11)
  9 polar bears (IceCv)
  A slime creature (D:11)
  2 hippogriffs
  18 yaks
  2 hogs (D:10)
  2 hungry ghosts
  A human (D:10)
  A water moccasin (D:6)
  3 orc warriors
  2 phantoms
  10 ice beasts
  2 sky beasts
  3 black bears
  14 wolves (IceCv)
  6 ogres
  3 centaurs
  4 big kobolds
  3 bullfrogs
  A gnoll sergeant (D:8)
  4 scorpions
  16 killer bees
  4 wights (D:10)
  A bullfrog zombie (D:8)
  3 crimson imps
  A jelly (D:8)
  3 centaur zombies
  3 orc priests
  A centaur skeleton (D:4)
  8 hounds
  A bullfrog skeleton (D:4)
  2 iguanas
  7 orc wizards
  6 worker ants
  A killer bee zombie (D:10)
  A hound zombie (D:7)
  2 hound skeletons
  Robin (D:2)
  A worker ant zombie (D:7)
  5 gnolls
  A howler monkey skeleton (D:11)
  12 adders
  2 shadow imps (D:10)
  2 oozes
  An adder zombie (D:8)
  5 adder skeletons
  A worm (D:4)
  3 dart slugs
  2 leopard geckos
  30 orcs
  A ball python (D:4)
  11 giant cockroaches
  16 goblins
  14 hobgoblins
  6 jackals
  6 quokkas
  6 bats
  6 frilled lizards
  23 kobolds
  A quokka zombie (D:7)
  5 rats
323 creatures vanquished.

Vanquished Creatures (others)
  A water moccasin zombie (D:7)
  A killer bee (D:10)
2 creatures vanquished.

Grand Total: 325 creatures vanquished

Notes
Turn   | Place    | Note
-------+----------+-------------------------------------------
     0 | D:1      | Riddle the Formicid Fighter began the quest for the Orb.
     0 | D:1      | Reached XP level 1. HP: 18/18 MP: 1/1
    27 | D:1      | Reached XP level 2. HP: 24/24 MP: 2/2
   312 | D:1      | Reached XP level 3. HP: 25/29 MP: 3/3
   926 | D:2      | Found a stormy altar of Qazlal.
   926 | D:2      | Noticed Robin
  1200 | D:2      | Reached XP level 4. HP: 33/37 MP: 4/4
  1264 | D:2      | Killed Robin
  1650 | D:2      | Reached XP level 5. HP: 37/42 MP: 5/5
  1966 | D:3      | Noticed Grinder
  2612 | D:3      | Reached skill level 3 in Maces & Flails
  2868 | D:4      | Found a staircase to the Ecumenical Temple.
  2879 | Temple   | Entered the Ecumenical Temple
  3072 | D:4      | Reached XP level 6. HP: 49/49 MP: 6/6
  3194 | D:4      | Found a sacrificial altar of Ru.
  3224 | D:4      | Became a worshipper of Ru the Awakened
  3262 | D:4      | Reached skill level 5 in Shields
  3265 | D:4      | Found Menwi's Jewellery Boutique.
  3862 | D:5      | Entered Level 5 of the Dungeon
  3954 | D:5      | Found a shadowy altar of Dithmenos.
  3954 | D:5      | Noticed a phantom
  4248 | D:5      | Reached XP level 7. HP: 52/55 MP: 7/7
  4286 | D:5      | Reached skill level 5 in Fighting
  4286 | D:5      | Reached skill level 4 in Maces & Flails
  4286 | D:5      | Reached skill level 5 in Armour
  4475 | D:5      | Found an ancient bone altar of Kikubaaqudgha.
  4504 | D:5      | Found a white marble altar of Elyvilon.
  4509 | D:5      | Found a sparkling altar of Nemelex Xobeh.
  4514 | D:5      | Found a hide-covered altar of Uskayaw.
  4571 | D:5      | Found an iron altar of Okawaru.
  4806 | D:5      | Found an opulent altar of Gozag.
  5094 | D:5      | Found a hazy altar of Hepliaklqana.
  5114 | D:6      | Gained mutation: You are hated by all. [Ru sacrifice]
  5114 | D:6      | Reached * piety under Ru
  5365 | D:6      | Reached XP level 8. HP: 55/63 MP: 8/8
  6007 | D:7      | Reached skill level 5 in Maces & Flails
  6119 | D:7      | Reached XP level 9. HP: 18/71 MP: 9/9
  6451 | D:7      | Noticed a troll
  6585 | D:7      | Found a bloodstained altar of Trog.
  6614 | D:7      | HP: 3/71 [black bear (4)]
  6616 | D:7      | You fall through a shaft!
  6616 | D:8      | Noticed Gastronok
  7455 | D:8      | Noticed a hippogriff
  7709 | D:8      | Found a shattered altar of Ashenzari.
  7781 | D:8      | Reached skill level 6 in Maces & Flails
  7920 | D:8      | Found the +9 staff of Olgreb {rPois}
  7922 | D:8      | Found a runed door.
  7932 | D:8      | Found a runed gate.
  7933 | D:8      | Found a runed door.
  7943 | D:8      | Found a runed gate.
  7943 | D:8      | Found a runed gate.
  8245 | D:8      | Noticed a two-headed ogre
  8414 | D:8      | Gained mutation: You cannot study or cast Poison magic. [Ru
                  | sacrifice]
  8414 | D:8      | Gained mutation: You cannot study or cast Necromancy magic.
                  | [Ru sacrifice]
  8414 | D:8      | Gained mutation: You cannot study or cast Translocations
                  | magic. [Ru sacrifice]
  8414 | D:8      | Reached ** piety under Ru
  9639 | D:10     | Entered Level 10 of the Dungeon
 10144 | D:9      | Noticed a troll
 10261 | D:10     | Noticed an unseen horror
 10312 | D:10     | Killed an unseen horror
 10312 | D:10     | Reached skill level 7 in Maces & Flails
 10312 | D:10     | Reached XP level 10. HP: 32/80 MP: 10/10
 12091 | D:10     | Reached skill level 8 in Maces & Flails
 12950 | D:9      | Reached skill level 9 in Maces & Flails
 12956 | D:9      | Reached XP level 11. HP: 62/89 MP: 11/11
 13092 | D:9      | Found a shimmering altar of Xom.
 13458 | D:9      | Gained mutation: Potions are less effective at restoring
                  | your health. [Ru sacrifice]
 13458 | D:9      | Reached *** piety under Ru
 13724 | D:8      | Reached skill level 10 in Maces & Flails
 13867 | D:8      | Killed Gastronok
 13867 | D:8      | Reached skill level 11 in Maces & Flails
 14502 | D:7      | Found a bloodstained altar of Trog.
 14945 | D:11     | Noticed a two-headed ogre
 15360 | D:11     | Noticed a two-headed ogre
 15360 | D:11     | Noticed a brown ugly thing
 15361 | D:11     | Noticed a white ugly thing
 15425 | D:10     | Killed a brown ugly thing
 15425 | D:10     | Reached skill level 12 in Maces & Flails
 16074 | D:12     | Identified a scroll of acquirement
 16352 | D:12     | Found a frozen archway.
 16420 | D:12     | Reached XP level 12. HP: 68/95 MP: 12/12
 16434 | IceCv    | Entered an ice cave
 16614 | IceCv    | Reached skill level 13 in Maces & Flails
 17272 | IceCv    | Reached skill level 14 in Maces & Flails
 18152 | IceCv    | Noticed a death yak
 18152 | IceCv    | Noticed a death yak
 18152 | IceCv    | Noticed a frost giant
 18186 | IceCv    | Killed a death yak
 18190 | IceCv    | Reached skill level 15 in Maces & Flails
 18200 | IceCv    | Killed a death yak
 18203 | IceCv    | HP: 6/142 [frost giant/bolt of cold (8)]
 18204 | IceCv    | Killed from afar by a frost giant

Skill      XL: |  1  2  3  4  5  6  7  8  9 10 11 12 |
---------------+-------------------------------------+-----
Shields        | 4 5 6 7 9 |  9.0
Fighting       | 4 5 6 8 9 |  9.0
Armour         | 4 5 6 8 9 |  9.0
Maces & Flails | 3 4 5 7 9 12 15 | 15.1

Action                   |  1- 3 |  4- 6 |  7- 9 | 10-12 || total
-------------------------+-------+-------+-------+-------++-------
Melee: Flail             |   139 |   238 |   582 |   519 ||  1478
       Morningstar       |       |       |       |   410 ||   410
Invok: Sacrifice Love    |       |       |     1 |       ||     1
       Sacrifice Arcana  |       |       |     1 |       ||     1
       Sacrifice Purity  |       |       |       |     1 ||     1
 Abil: Dig               |     1 |     5 |    11 |    17 ||    34
       Shaft Self        |       |       |     1 |       ||     1
  Use: Potion            |       |       |       |     8 ||     8
       Scroll            |       |       |       |    14 ||    14
 Stab: Distracted        |       |       |       |     2 ||     2
  Eat: Chunk             |     1 |     7 |    22 |    20 ||    50
       Ration            |       |     1 |     4 |     3 ||     8
Armor: Scale mail        |    65 |       |       |       ||    65
       Leather armour    |    13 |    37 |       |       ||    50
       Chain mail        |       |    39 |   318 |   270 ||   627
       Skin              |       |       |       |    17 ||    17
Dodge: Dodged            |    64 |    73 |   177 |   199 ||   513
Block: Shield            |    82 |   142 |   424 |   417 ||  1065
